AoeStats
← Aqua

Nomad

508389362Analyzed
2v2 RM · 10d ago on Sep 22, 2026· 49m 41s· 4 players
Game mode
Random Map
Map size
176×176
Population
200
Speed
Normal
Resources
Standard
Victory
Conquest
Starting age
Dark Age
Ending age
Imperial Age
RankedLock teamsTeams togetherTeam positionsShared explorationLock speedFull tech treeHidden civsTurbo modeCheats
Victory
Defeat
1539
+15
🇩🇪 Bengalis · Germany
1434
+20
🇨🇳 Tatars · China
1530
-18
🇩🇪 Goths · Germany
1513
-17
♡ Laborchef Dr. Laugenmäusken
3:16 Loom
13:24 Feudal Age
17:20 Castle Age
15:24 Fletching
19:13 Bodkin Arrow
34:10 Imperial Age
32:01 Double-Bit Axe
32:43 Horse Collar
33:06 Scale Mail Armor
33:47 Bow Saw
34:08 Town Watch
35:16 Forging
39:11 Arson
42:22 Ballistics
45:13 Bracer
46:44 Padded Archer Armor
Aqua
3:59 Loom
13:37 Feudal Age
18:26 Wheelbarrow
21:37 Castle Age
20:53 Horse Collar
21:06 Stone Mining
21:51 Double-Bit Axe
23:16 Fletching
27:45 Gold Mining
32:59 Forging
34:33 Scale Mail Armor
41:05 Imperial Age
39:50 Husbandry
40:01 Bloodlines
40:15 Padded Archer Armor
41:11 Paiks
41:28 Leather Archer Armor
41:49 Iron Casting
41:57 Bow Saw
42:30 Bodkin Arrow
47:59 Elite Ratha (Ranged)
49:39 Bracer
50:45 Blast Furnace
Kümmelbrot OP
3:17 Loom
11:02 Feudal Age
11:33 Double-Bit Axe
21:46 Castle Age
20:28 Fletching
20:33 Fishing Lines
22:31 Gillnets
24:34 Town Watch
36:45 Imperial Age
36:03 Bow Saw
44:22 Man-at-Arms
45:40 Long Swordsman
46:24 Two-Handed Swordsman
47:18 Scale Mail Armor
48:08 Conscription
48:51 Chain Mail Armor
♞王通
3:24 Loom
13:08 Feudal Age
13:49 Town Watch
14:25 Double-Bit Axe
23:24 Castle Age
23:41 Fletching
23:51 Padded Archer Armor
23:33 Horse Collar
24:53 Bodkin Arrow
25:07 Elite Skirmisher
26:04 Leather Archer Armor
30:50 Bow Saw
34:56 Wheelbarrow
38:13 Imperial Age
39:59 Bloodlines
40:22 Bracer
40:49 Ballistics
43:21 Chemistry
43:26 Guard Tower
44:33 Gold Mining
49:34 Horse Collar
Connection lost

Rejoining the realm…

Still unreachable

The connection could not be restored.

Session expired

The server has moved on; the page needs a fresh start.